 Dungeon Crawl Stone Soup version 0.29.1-12-g30fa7ad0bf (webtiles) character file.

Game seed: 10557962022707108759

50 Jotpek the Trooper (level 3, -2/24 HPs)
             Began as a Gargoyle Fighter on Dec 12, 2022.
             Slain by a worm (6 damage)
             ... on level 2 of the Dungeon.
             The game lasted 00:03:29 (1549 turns).

Jotpek the Trooper (Gargoyle Fighter)               Turns: 1549, Time: 00:03:29

Health: -2/24      AC: 10    Str: 21    XL:     3   Next: 79%
Magic:  3/3        EV:  9    Int:  8    God:
Gold:   65         SH:  4    Dex:  9    Spells: 2/2 levels left

rFire   . . .      SeeInvis .   a - +0 flail
rCold   . . .      Faith    .   c - +0 buckler
rNeg    + . .      Spirit   .   b - +0 scale mail
rPois   ∞          Reflect  .   (no helmet)
rElec   +          Harm     .   (no cloak)
rCorr   .          Rampage  .   (no gloves)
Will    .....                   (no boots)
Stlth   ..........              (no amulet)
HPRegen 0.08/turn               (no ring)
MPRegen 0.08/turn               (no ring)

@: no status effects
A: sickness immunity, AC +3, negative energy resistance 1, electricity
resistance, torment resistance 1, petrification resistance
a: no special abilities


You were on level 2 of the Dungeon.
You visited 1 branch of the dungeon, and saw 2 of its levels.

You collected 65 gold pieces.

Inventory:

Hand Weapons
 a - a +0 flail (weapon)
 e - a +0 club
Missiles
 j - 36 stones (quivered)
Armour
 b - a +0 scale mail (worn)
 c - a +0 buckler (worn)
 k - a +0 scale mail
 m - an orb of energy
Scrolls
 f - a scroll of enchant armour {unknown}
 h - a scroll of identify {unknown}
Potions
 d - 2 potions of might
 g - 2 potions of attraction {unknown}
 i - 2 potions of degeneration {unknown}
 l - a potion of mutation {unknown}


   Skills:
 + Level 3.9 Fighting
 + Level 2.8 Maces & Flails
 + Level 3.6 Armour
 + Level 3.7 Shields


You had 2 spell levels left.
You didn't know any spells.
Your spell library was empty.

Dungeon Overview and Level Annotations

Branches:
Dungeon (2/15)

Altars:
Qazlal


Innate Abilities, Weirdness & Mutations

You are immune to sickness and miasma.
Your stone body is resilient. (AC +3)
You are immune to poison.
You resist negative energy. (rN+)
You are resistant to electric shocks. (rElec)
You are resistant to unholy torment.
You are immune to petrification.


Message History

A hobgoblin comes into view.
You hit the adder.
The adder is moderately wounded.
The adder bites you but does no damage.
The hobgoblin hits you but does no damage.
The adder bites you.
You hit the adder but do no damage.
The adder is moderately wounded.
The adder barely misses you.
The hobgoblin hits you but does no damage.
The adder misses you.
You sock the adder!
You kill the adder!
The hobgoblin barely misses you.
A worm comes into view.
The hobgoblin closely misses you.
You closely miss the hobgoblin. The hobgoblin hits you.
You completely miss the hobgoblin. The hobgoblin closely misses you.
You barely miss the hobgoblin. The hobgoblin barely misses you.
The worm barely misses you. The hobgoblin barely misses you.
You sock the hobgoblin!
You kill the hobgoblin!
The worm bites you! The worm bites you!
* * * LOW HITPOINT WARNING * * *
You see here a hobgoblin corpse.
A goblin comes into view. It is wielding a staff of earth.
You hit the worm.
The worm is moderately wounded.
The worm bites you.
* * * LOW HITPOINT WARNING * * *
You thump the worm!
The worm is heavily wounded.
The worm misses you.
You hit the worm.
The worm is severely wounded.
You barely miss the worm.
The worm is severely wounded.
The worm bites you.
You die...

##.#
#..#######.########
#..# #..# #.....#
#..# #..# #.#####
...# ..g# #.#
...######## #####.#
.......# ####...#.#
#......###......#.#
##..............#w#
##.##.###.._...@.#
#.##<#.......####
#.##.#.#.....#
#.#.........##
.....######.#
..##.# #.# #.# #.#
..#


You could see a worm.

Vanquished Creatures
  2 adders (D:2)
  A worm (D:2)
  4 endoplasms
  A giant cockroach (D:1)
  A goblin (D:1)
  4 hobgoblins
  3 ball pythons (D:2)
  8 bats
  2 frilled lizards
  4 kobolds
  2 rats (D:1)
32 creatures vanquished.

Notes
Turn   | Place    | Note
-------+----------+-------------------------------------------
     0 | D:1      | Jotpek the Gargoyle Fighter began the quest for the Orb.
     0 | D:1      | Reached XP level 1. HP: 14/14 MP: 1/1
   402 | D:1      | Reached XP level 2. HP: 13/19 MP: 2/2
  1100 | D:2      | Reached XP level 3. HP: 20/24 MP: 3/3
  1351 | D:2      | Found a stormy altar of Qazlal.
  1549 | D:2      | Slain by a worm

Illustrated notes

Levels and vault maps discovered:
D:1:      grunt_arrival_crossed_arrows, layout_basic, chequers_mini_garden,
          minivault_14, nicolae_concentric_dashed_squares_mild,
          supply_closet_lemuel, minmay_fountain_box, nrook_uturn
D:2:      minmay_diamond_boxcup, layout_loops_ring, basic_altar, serial_shops,
          shop_statue, chequers_serial_rivers_micro_c

Action                   || total
-------------------------++-------
Melee: Flail             ||    95
Armor: Scale mail        ||    56
Dodge: Dodged            ||    51
Block: Buckler           ||    18
